 Dungeon Crawl Stone Soup version 0.18-a0-1800-gdc7a371 (webtiles) character file.

383 M4edhros the Covert (level 6, -6/57 HPs)
             Began as an Octopode Artificer on Apr 24, 2016.
             Killed from afar by Dowan (13 damage)
             ... with a stone arrow
             ... on level 4 of the Dungeon.
             The game lasted 00:02:53 (3509 turns).

M4edhros the Covert (Octopode Artificer)            Turns: 3509, Time: 00:02:54

Health: -6/57      AC: 23    Str: 10    XL:     6   Next: 76%
Magic:  8/8        EV:  2    Int: 14    God:    Xom [..*...]
Gold:   72         SH:  0    Dex: 15    Spells: 0 memorised, 5 levels left

rFire  . . .     SeeInvis .     s - +2 war axe (venom)
rCold  . . .     Gourm    .     (no shield)
rNeg   + + +     Faith    .     (helmet currently unavailable)
rPois  +         Spirit   .     (no amulet)
rElec  .         Dismiss  .     (no ring)
rCorr  .         Reflect  .     (no ring)
SustAt .         Harm     .     (no ring)
MR     .....     NoTele   +     (no ring)
Stlth  ++++++....               (no ring)
                                (no ring)
                                (no ring)
                                (no ring)

@: tree-form, not resistant to hostile enchantments, very stealthy
A: almost no armour, (amphibious), 8 rings, (constrict 8), (camouflage 0),
(gelatinous body 0)
a: Renounce Religion


You were on level 4 of the Dungeon.
You worshipped Xom.
You were a toy of Xom.
You were not hungry.
You were a tree.
You visited 2 branches of the dungeon, and saw 5 of its levels.

You collected 118 gold pieces.
You spent 46 gold pieces at shops.

Inventory:

Hand Weapons
 a - a +0 short sword
 s - a +2 war axe of venom (weapon)
 y - a +6 hunting sling of flaming
Missiles
 l - 85 stones (quivered)
Wands
 b - a wand of flame (15/48)
 c - a wand of enslavement (15/24)
 d - a wand of random effects (15/48)
 u - a wand of paralysis (4/24)
Scrolls
 e - 3 scrolls of teleportation {unknown}
 g - 2 scrolls of amnesia {unknown}
 n - 2 scrolls of enchant armour {unknown}
 p - 4 scrolls of identify {unknown}
 q - a scroll of magic mapping {unknown}
 r - 2 scrolls of remove curse {unknown}
 t - a scroll of immolation {unknown}
Potions
 h - a potion of lignification
 i - a potion of magic {unknown}
 m - a potion of heal wounds {unknown}
 w - a potion of mutation {unknown}
 z - a potion of haste {unknown}
Comestibles
 f - 3 bread rations
 j - 3 beef jerkies
 k - 3 meat rations
 o - 2 slices of pizza
 v - a royal jelly
 x - 3 chunks of flesh


   Skills:
 - Level 1.0 Fighting
 - Level 1.0 Short Blades
 * Level 2.4 Slings
 - Level 2.0 Dodging
 + Level 8.8 Stealth
 - Level 3.2 Evocations


You had 5 spell levels left.
You didn't know any spells.

Dungeon Overview and Level Annotations

Branches:
Dungeon (4/15)             Temple (1/1) D:4

Altars:
Ashenzari
Cheibriados
Dithmenos
Elyvilon
Fedhas
Gozag
Qazlal
Ru
Trog
Vehumet
Xom
Yredelemnul
Zin
The Shining One

Shops:
D:4 (

Annotations:
D:4 Dowan


Innate Abilities, Weirdness & Mutations

You cannot wear most types of armour.
((You are amphibious.))
You can wear up to eight rings at the same time.
((You can use your tentacles to constrict eight enemies at once.))
((Your skin changes colour to match your surroundings (Stealth).))
((Your rubbery body absorbs attacks (AC +1).))


Message History

Okay, then.
Evoke which item? (* to show all) (? for menu, Esc to quit)
Zapping:
u - a wand of paralysis (will waste charges)
Press: ? - help, Shift-Dir - straight line, f - Dowan
Aim: Dowan, wielding a dagger and wearing a robe (severely wounded, fast, poisoned, chance to defeat MR: 52%) Dowan resists with significant effort.
Evoking this partially-identified wand wasted a few charges.
Dowan hits you but does no damage.
Evoke which item? (* to show all) (? for menu, Esc to quit)
Zapping:
u - a wand of paralysis {zapped: 3} (will waste charges)
Press: ? - help, Shift-Dir - straight line, f/p - Dowan
Aim: Dowan, wielding a dagger and wearing a robe (severely wounded, fast, poisoned, chance to defeat MR: 52%) Dowan resists with significant effort.
Evoking this partially-identified wand wasted a few charges.
Dowan hits you but does no damage. x2
You barely miss Dowan.
Dowan is severely wounded.
Dowan gestures at you while chanting. The stone arrow hits you!
You die... ######################## ..............bb♣e(b(((( ######################## # # # # # #

You could see Dowan.

Vanquished Creatures
  Duvessa (D:4)
  A centaur (D:4)
  A centaur skeleton (D:4)
  A worker ant (D:4)
  7 adders
  2 oozes
  A dart slug (D:1)
  3 giant geckos
  9 orcs
  7 bats
  4 giant cockroaches
  8 goblins
  4 hobgoblins
  6 jackals
  A ball python (D:4)
  2 giant newts (D:3)
  4 kobolds (D:1)
  6 rats
68 creatures vanquished.

Notes
Turn   | Place    | Note
--------------------------------------------------------------
     0 | D:1      | M4edhros the Octopode Artificer began the quest for the Orb.
     0 | D:1      | Reached XP level 1. HP: 13/13 MP: 3/3
    32 | D:1      | Reached skill level 2 in Stealth
    93 | D:1      | Reached XP level 2. HP: 18/18 MP: 4/4
   161 | D:1      | Reached skill level 3 in Stealth
   332 | D:1      | Reached skill level 4 in Stealth
   412 | D:1      | Reached XP level 3. HP: 8/23 MP: 5/5
   996 | D:2      | Found an opulent altar of Gozag.
  1358 | D:3      | Reached skill level 5 in Stealth
  1375 | D:3      | Reached XP level 4. HP: 28/28 MP: 6/6
  1443 | D:3      | Reached skill level 6 in Stealth
  1669 | D:3      | Found a glowing golden altar of the Shining One.
  1881 | D:3      | Reached XP level 5. HP: 9/33 MP: 7/7
  2371 | D:4      | Found a staircase to the Ecumenical Temple.
  2377 | D:4      | Reached skill level 7 in Stealth
  2380 | Temple   | Entered the Ecumenical Temple
  2387 | Temple   | Became a worshipper of Xom the Tricky
  2399 | D:4      | XOM: silly message
  2606 | D:4      | XOM: harmless Conj miscast
  2763 | D:4      | XOM: divination: detect creatures
  3317 | D:4      | Noticed a centaur
  3322 | D:4      | Killed a centaur
  3322 | D:4      | Reached skill level 8 in Stealth
  3322 | D:4      | Reached XP level 6. HP: 38/38 MP: 8/8
  3376 | D:4      | Found Xakhufac's Antique Weapon Shop.
  3379 | D:4      | Bought a runed hunting sling for 46 gold pieces
  3389 | D:4      | Reached skill level 1 in Slings
  3490 | D:4      | Noticed Duvessa
  3491 | D:4      | Noticed Dowan
  3502 | D:4      | Killed Duvessa
  3506 | D:4      | XOM: butterfly on damage
  3509 | D:4      | Killed from afar by Dowan

Vault maps used:
D:1:      minmay_arrival_arboretum_small
D:2:      nicolae_gozag_cash_rules_everything_around_me
D:3:      tso_oasis_becter
D:4:      lemuel_doored_altar, grunt_pakellas_salt, minmay_temple_entry_hall,
          serial_shops, nicolae_shop_behind_doors, uniq_duvessa
Temple:   nicolae_temple_no_exploring_needed

Skill      XL: |  1  2  3  4  5  6 |
---------------+-------------------+-----
Stealth        | 2 4 5 6 8 |  8.8
Slings         | 2 |  2.4
Fighting       | |  1.0
Short Blades   | |  1.0
Dodging        | |  2.0
Evocations     | |  3.2

Action                   |  1- 3 |  4- 6 || total
-------------------------+-------+-------++-------
Melee: Short sword       |    54 |       ||    54
       Constrict         |    11 |    14 ||    25
       Tentacles         |     4 |     5 ||     9
       War axe           |    10 |    58 ||    68
 Fire: Hunting sling     |       |    21 ||    21
Evoke: Wand              |       |     2 ||     2
  Use: Potion            |     1 |     3 ||     4
 Stab: Sleeping          |    12 |     7 ||    19
  Eat: Chunk             |     1 |     7 ||     8
Armor: Skin              |    17 |    21 ||    38
Dodge: Dodged            |    34 |    24 ||    58
